 Dungeon Crawl Stone Soup version 0.21.1-1-g345015f (webtiles) character file.

354 shakethe the Grave Robber (level 6, -3/47 HPs)
             Began as a Demonspawn Necromancer on Feb 19, 2018.
             Slain by Duvessa
             ... wielding a +0 short sword
              (14 damage)
             ... on level 4 of the Dungeon.
             The game lasted 00:08:35 (3179 turns).

shakethe the Grave Robber (Demonspawn Necromancer)  Turns: 3179, Time: 00:08:36

Health: -3/47      AC:  3    Str:  8    XL:     6   Next: 35%
Magic:  4/11       EV: 12    Int: 18    God:
Gold:   166        SH:  0    Dex: 14    Spells: 3/12 levels left

rFire    . . .     SeeInvis .   t - +0 short sword (protect)
rCold    . . .     Gourm    .   (no shield)
rNeg     . . .     Faith    .   a - +0 robe
rPois    .         Spirit   .   s - +0 helmet
rElec    .         Reflect  .   (no cloak)
rCorr    .         Harm     .   (no gloves)
MR       .....                  (no boots)
Stlth    ++........             (no amulet)
HPRegen  0.15/turn              (no ring)
MPRegen  0.12/turn              (no ring)

@: no status effects
A: claws 1, spiny 1
a: no special abilities


You were on level 4 of the Dungeon.
You were not hungry.

You visited 1 branch of the dungeon, and saw 5 of its levels.

You collected 166 gold pieces.

Inventory:

Hand Weapons
 r - a +0 mace
   (You found it on level 2 of the Dungeon)
 t - a +0 short sword of protection (weapon)
   (You found it on level 3 of the Dungeon)
Missiles
 o - 2 throwing nets {=f, !d}
 q - 17 poisoned needles
Armour
 a - a +0 robe (worn)
 s - a +0 helmet (worn)
   (You found it on level 2 of the Dungeon)
Wands
 n - a wand of flame (27)
   (You found it on level 2 of the Dungeon)
Scrolls
 e - 5 scrolls of identify {unknown}
 f - 2 scrolls of teleportation {unknown}
 h - 4 scrolls of remove curse {unknown}
 j - a scroll of noise {unknown}
 k - 3 scrolls of magic mapping {unknown}
 p - a scroll of enchant weapon {unknown}
Potions
 d - a potion of lignification {unknown}
 g - a potion of flight {unknown}
 i - a potion of heal wounds {unknown}
 l - a potion of agility
Books
 b - a book of Necromancy
Comestibles
 c - 8 rations


   Skills:
 + Level 3.1 Fighting
 - Level 1.7 Dodging
 - Level 1.7 Stealth
 + Level 3.5 Spellcasting
 + Level 5.7 Necromancy
 + Level 1.4 Earth Magic
 - Level 1.8 Evocations


You had 3 spell levels left.
You knew the following spells:

 Your Spells              Type           Power        Failure   Level  Hunger
a - Pain                  Necr           ###.         1%          1    None
b - Borgnjor's Vile Clut  Necr/Erth      ###.......   67%         5    ######.
r - Regeneration          Chrm/Necr      ##........   14%         3    ###....


Dungeon Overview and Level Annotations

Branches:
Dungeon (5/15)
 Temple: D:4-7

Altars:
Qazlal

Portals:
Sewer: D:3

Annotations:
D:4 Dowan, Duvessa


Innate Abilities, Weirdness & Mutations

You have sharp fingernails.
You are partially covered in sharp spines.


Message History

You can't see any susceptible monsters within range! (Use Z to cast anyway.) Unknown command.
You see here an iguana corpse.
You butcher the iguana corpse.
m - 2 chunks of flesh {@w0@w0} (gained 1)
You see here an iguana skeleton.
A scorpion comes into view.
Aim: a scorpion (chance to defeat MR: 83%)
The scorpion writhes in agony!
You now have 8/11 mp.
Aim: a scorpion (moderately wounded, chance to defeat MR: 83%)
The scorpion writhes in agony!
You take 1 damage, and have 40/46 hp.
You now have 7/11 mp.
Aim: a scorpion (severely wounded, chance to defeat MR: 83%)
The scorpion writhes in agony!
The scorpion is struck by your spines.
You kill the scorpion!
Your Fighting skill increases to level 3!
You now have 6/11 mp.
You can't see any susceptible monsters within range! (Use Z to cast anyway.) Unknown command.
You can't see any susceptible monsters within range! (Use Z to cast anyway.) Unknown command.
A howler monkey skeleton comes into view.
You are feeling hungry.
You hit the howler monkey skeleton.
Your weapon exudes an aura of protection.
The howler monkey skeleton is struck by your spines.
The howler monkey skeleton hits you.
You take 3 damage, and have 40/47 hp.
You completely miss the howler monkey skeleton.
The howler monkey skeleton closely misses you.
You hit the howler monkey skeleton.
The howler monkey skeleton is struck by your spines.
The howler monkey skeleton hits you.
You take 1 damage, and have 39/47 hp.
You hit the howler monkey skeleton.
The howler monkey skeleton is struck by your spines.
You destroy the howler monkey skeleton!
MP restored: 11 Some of the chunks of flesh in your inventory have rotted away.
You see here 34 arrows.
Eating a chunk of flesh {@w0@w0}.
You eat the chunk of flesh {@w0@w0}.
A leopard gecko comes into view.
The leopard gecko hisses angrily.
Aim: a leopard gecko (clinging, chance to defeat MR: 93%)
The leopard gecko writhes in agony!
You now have 10/11 mp.
Aim: a leopard gecko (almost dead, clinging, chance to defeat MR: 93%)
The leopard gecko writhes in agony!
You kill the leopard gecko!
You take 1 damage, and have 44/47 hp.
You now have 9/11 mp.
You see here 28 bolts.
c - 8 rations (gained 1)
An orc comes into view. It is wielding a mace.
You regained 2 hp, and now have 46/47 hp.
MP restored: 11 Health restored: 47 You can't see any susceptible monsters within range! (Use Z to cast anyway.) Unknown command.
Aim: an orc, wielding a mace and wearing a scale mail (chance to defeat MR: 93%)
The orc writhes in agony!
You take 1 damage, and have 46/47 hp.
You now have 10/11 mp.
You see here a scroll labeled RIVYDGH WU RIU.
The orc is struck by your spines.
You kill the orc!
Aim: Duvessa, wielding a short sword and wearing a scale mail (hasn't noticed you, chance to defeat MR: 70%) Duvessa shouts!
Duvessa writhes in agony!
You now have 9/11 mp.
Dowan gestures at Duvessa while chanting.
Duvessa seems to speed up.
Duvessa hits you with a short sword.
You take 5 damage, and have 41/47 hp.
Duvessa barely misses you.
Aim: Duvessa, wielding a short sword and wearing a scale mail (lightly wounded, fast, chance to defeat MR: 70%) Duvessa writhes in agony!
Duvessa hits you but does no damage.
You now have 9/11 mp.
Aim: Duvessa, wielding a short sword and wearing a scale mail (moderately wounded, fast, chance to defeat MR: 70%) Duvessa writhes in agony!
Duvessa hits you with a short sword.
Dowan says, "Magic and the sword, together, will defeat you."
Duvessa closely misses you.
You take 7 damage, and have 34/47 hp.
You now have 8/11 mp.
Aim: Duvessa, wielding a short sword and wearing a scale mail (heavily wounded, fast, chance to defeat MR: 70%) Duvessa struggles to resist.
Duvessa is struck by your spines. Duvessa hits you with a short sword!
You take 9 damage, and have 25/47 hp.
You now have 7/11 mp.
Aim: Duvessa, wielding a short sword and wearing a scale mail (heavily wounded, fast, chance to defeat MR: 70%) Duvessa writhes in agony!
Duvessa closely misses you. Duvessa hits you with a short sword.
You take 6 damage, and have 19/47 hp.
You now have 6/11 mp.
Unknown command.
Aim: Duvessa, wielding a short sword and wearing a scale mail (severely wounded, fast, chance to defeat MR: 70%) Duvessa struggles to resist.
Duvessa hits you with a short sword.
Aim: Duvessa, wielding a short sword and wearing a scale mail (severely wounded, fast, chance to defeat MR: 70%) Duvessa struggles to resist.
Duvessa hits you with a short sword.
* * * LOW HITPOINT WARNING * * *
Duvessa is struck by your spines. Duvessa barely misses you.
Aim: Duvessa, wielding a short sword and wearing a scale mail (almost dead, fast, chance to defeat MR: 70%) Duvessa struggles to resist.
Duvessa hits you with a short sword!
You die...

#....# #.#.#.################
####....####.#...................
.............###.#########.######
...................(.............
####....########.###########.###.
#....# #.# .. ... #....# #.# .#
#.# ###### #.# .# .# #@# .# # #e#
.# ## ###e##.# .# #......# .#
#......# #....).# #......# .
#####......#...
..................


You could see Duvessa and Dowan.

Vanquished Creatures
  An ogre (D:4)
  A scorpion (D:4)
  An iguana (D:4)
  Natasha (thrice) (D:2)
  A howler monkey skeleton (D:4)
  3 adders
  An ooze (D:1)
  3 worms (D:2)
  4 leopard geckos
  An orc (D:4)
  5 bats
  6 giant cockroaches
  8 goblins
  6 hobgoblins
  3 jackals (D:2)
  2 ball pythons (D:3)
  5 frilled lizards (D:2)
  5 kobolds
  17 rats
76 creatures vanquished.

Notes
Turn   | Place    | Note
-------+----------+-------------------------------------------
     0 | D:1      | shakethe the Demonspawn Necromancer began the quest for the Orb.
     0 | D:1      | Reached XP level 1. HP: 13/13 MP: 3/3
   214 | D:1      | Gained mutation: You are partially covered in sharp spines. [demonic ancestry]
   214 | D:1      | Reached XP level 2. HP: 20/20 MP: 3/5
   337 | D:1      | Reached skill level 1 in Fighting
   949 | D:2      | Gained mutation: You have sharp fingernails. [demonic ancestry]
   949 | D:2      | Reached XP level 3. HP: 20/26 MP: 1/6
  1399 | D:2      | Noticed Natasha
  1405 | D:2      | Killed Natasha
  1405 | D:2      | Reached skill level 5 in Necromancy
  1405 | D:2      | Reached skill level 1 in Evocations
  1448 | D:2      | Reached XP level 4. HP: 32/33 MP: 4/8
  1566 | D:2      | Noticed Natasha
  1575 | D:2      | Killed Natasha
  1575 | D:2      | Reached skill level 2 in Fighting
  2059 | D:2      | Noticed Natasha
  2070 | D:2      | Killed Natasha
  2070 | D:2      | Reached skill level 3 in Spellcasting
  2070 | D:2      | Reached XP level 5. HP: 21/38 MP: 5/9
  2706 | D:2      | Learned a level 5 spell: Borgnjor's Vile Clutch
  2710 | D:2      | Learned a level 3 spell: Regeneration
  2711 | D:3      | Found a stormy altar of Qazlal.
  2715 | D:3      | Found a glowing drain.
  2756 | D:3      | You fall through a shaft!
  2756 | D:4      | Noticed an ogre
  2774 | D:4      | Killed an ogre
  2774 | D:4      | Reached skill level 1 in Earth Magic
  2837 | D:4      | Noticed Duvessa
  2837 | D:4      | Noticed Dowan
  2842 | D:5      | Entered Level 5 of the Dungeon
  2873 | D:5      | Reached XP level 6. HP: 35/46 MP: 2/11
  3068 | D:4      | Reached skill level 3 in Fighting
  3179 | D:4      | Slain by Duvessa

Skill      XL: |  1  2  3  4  5  6 |
---------------+-------------------+-----
Fighting       | 1 2 3 |  3.1
Necromancy     | 5 |  5.7
Evocations     | 1 |  1.8
Spellcasting   | 3 |  3.5
Earth Magic    | 1 |  1.4
Dodging        | |  1.7
Stealth        | |  1.7

Action                   |  1- 3 |  4- 6 || total
-------------------------+-------+-------++-------
Melee: Unarmed           |     6 |       ||     6
       Club              |    12 |     1 ||    13
       Mace              |       |     1 ||     1
       Short sword       |       |     4 ||     4
 Cast: Pain              |    61 |    84 ||   145
       Regeneration      |       |     2 ||     2
Evoke: Wand              |     2 |       ||     2
  Eat: Chunk             |     2 |     6 ||     8
Armor: Robe              |     1 |     2 ||     3
Dodge: Dodged            |    26 |    18 ||    44

Vault maps used:
D:1:      erik_arrival_orb_chamber
D:2:      kb_forest_paths, uniq_natasha
D:3:      overflow_temple_1_default, portal_sewer_entry_a
D:4:      uniq_duvessa
D:5:      kennysheep_little_box, first_ration

Table legend:
 A = Turns spent in this place as a percentage of turns spent in the entire game.
 B = Non-inter-level travel turns spent in this place as a percentage of non-inter-level travel turns spent in the entire game.
 C = Inter-level travel turns spent in this place as a percentage of turns spent in this place.
 D = Turns resting spent in this place as a percentage of non-inter-level travel turns spent in this place.
 E = Turns spent auto-exploring this place as a percentage of non-inter-level travel turns spent in this place.
 F = Non-inter-level travel turns spent in this place divided by the number of levels of this place that you've seen.
                   A       B       C       D       E      F
               +-------+-------+-------+-------+-------+----------------------
         Total | 100.0 | 100.0 |   0.0 |  28.4 |  44.8 | 635.8
       Dungeon | 100.0 | 100.0 |   0.0 |  28.4 |  44.8 | 635.8
               +-------+-------+-------+-------+-------+----------------------

Table legend:
 A = Kills in this place as a percentage of kills in entire the game.
 B = Kills by you in this place as a percentage of kills by you in the entire game.
 C = Kills by friends in this place as a percentage of kills by friends in the entire game.
 D = Other kills in this place as a percentage of other kills in the entire game.
 E = Experience gained in this place as a percentage of experience gained in the entire game.
 F = Experience gained in this place divided by the number of levels of this place that you have seen.
                   A       B       C       D       E      F
               +-------+-------+-------+-------+-------+----------------------
         Total | 100.0 | 100.0 |   N/A |   N/A | 100.0 | 101.4
       Dungeon | 100.0 | 100.0 |   N/A |   N/A | 100.0 | 101.4
               +-------+-------+-------+-------+-------+----------------------
